 Dungeon Crawl Stone Soup version 0.24-a0-525-g9231cdcba1 (webtiles) character file.

Game seed: 18424097325496496793

298 BinkBink the Cudgeler (level 6, -4/57 HPs)
             Began as a Deep Dwarf Berserker on Aug 4, 2019.
             Was a Believer of Trog.
             Splashed by Ijyb's acid (9 damage)
             ... on level 4 of the Dungeon.
             The game lasted 00:05:14 (2191 turns).

BinkBink the Cudgeler (Deep Dwarf Berserker)        Turns: 2191, Time: 00:05:20

Health: -4/57      AC:  1    Str: 22    XL:     6   Next: 13%
Magic:  6/6        EV: 12    Int:  8    God:    Trog [**....]
Gold:   156        SH:  0    Dex: 12    Spells: 5/5 levels left

rFire    . . .     SeeInvis .   a - +1 mace
rCold    . . .     Gourm    .   (no shield)
rNeg     . . .     Faith    .   f - +0 ring mail
rPois    .         Spirit   .   (no helmet)
rElec    .         Reflect  .   (no cloak)
rCorr    .         Harm     .   (no gloves)
MR       ++...                  (no boots)
Stlth    ++........             (no amulet)
HPRegen  1.00/turn              (no ring)
MPRegen  0.10/turn              n - ring of stealth

@: lethally poisoned (-4 -> -4), corroded, non-regenerating
A: damage resistance, heal wounds, sense surroundings 1, no regeneration
a: Heal Wounds, Berserk, Trog's Hand, Renounce Religion


You were on level 4 of the Dungeon.
You worshipped Trog.
Trog was pleased with you.
You were very hungry.

You visited 1 branch of the dungeon, and saw 4 of its levels.

You collected 156 gold pieces.

Inventory:

Hand Weapons
 a - a +1 mace (weapon)
Armour
 b - a +0 animal skin
 f - a +0 ring mail (worn)
Jewellery
 n - a ring of stealth (right hand)
Wands
 j - a wand of flame (17)
Scrolls
 d - a scroll of fog
 e - 5 scrolls of remove curse
 o - a scroll of identify {unknown}
Potions
 g - a potion of degeneration {unknown}
 h - a potion of invisibility {unknown}
 i - a potion of brilliance {unknown}
 k - a potion of haste {unknown}
 l - a potion of cancellation {unknown}
 m - a potion of lignification {unknown}
Comestibles
 c - 2 rations


   Skills:
 + Level 3.9 Fighting
 + Level 5.1 Maces & Flails
 + Level 3.5 Armour
 + Level 3.1 Dodging
 + Level 0.6 Stealth


You had 5 spell levels left.
You didn't know any spells.
Your spell library was empty.

Dungeon Overview and Level Annotations

Branches:
Dungeon (4/15)
 Temple: D:4-7

Altars:

Annotations:
D:4 Ijyb


Innate Abilities, Weirdness & Mutations

You are resistant to damage.
You can heal yourself by infusing magical energy.
You passively map a small area around you.
You do not regenerate.


Message History

You are too injured to fight recklessly!
You are too injured to fight recklessly!
You hit something but do no damage. Something hits you. Something shocks you.
You miss something. Something hits you but does no damage.
You barely miss something.
Ijyb zaps a wand.
The bolt of acid hits the frilled lizard!!
The frilled lizard is splashed with acid.
The acid corrodes the frilled lizard!
The frilled lizard dies!
The bolt of acid hits something!!
The acid corrodes something!
Reactivating autopickup.
Your Maces & Flails skill increases to level 5!
You have reached level 6!
Your experience leads to an increase in your attributes!
Increase (S)trength, (I)ntelligence, or (D)exterity?
You feel stronger.
You feel a bit more experienced. The bolt of acid hits you!!
* * * LOW HITPOINT WARNING * * *
The acid corrodes you!
You are splashed with acid!
You die...

#.# #.# #.# #.# #.# #.# *
#.#
#########################
#.#
+..........ohg.†@......>#
#.#
########..(.lo#########.#
#.# # #......# #.#####.#
# #...h..# #>......# #
#..g...# ######### +,
#......# ####+###l.....#
..l...........#
..l...........#


You could see Ijyb, a howler monkey, 2 orcs and a frilled lizard.

Vanquished Creatures
  A hound (D:4)
  Jessica (D:2)
  2 worker ants
  5 adders
  A shadow imp (D:4)
  An ooze (D:1)
  2 worms (D:2)
  4 leopard geckos
  9 bats
  5 giant cockroaches
  14 goblins
  9 hobgoblins
  5 jackals
  7 kobolds
  2 ball pythons
  6 frilled lizards
  9 rats
83 creatures vanquished.

Vanquished Creatures (others)
  A sky beast (D:4)
  A frilled lizard (D:4)
2 creatures vanquished.

Grand Total: 85 creatures vanquished

Notes
Turn   | Place    | Note
-------+----------+-------------------------------------------
     0 | D:1      | BinkBink the Deep Dwarf Berserker began the quest for the
                  | Orb.
     0 | D:1      | Reached XP level 1. HP: 20/20 MP: 1/1
    73 | D:1      | Reached XP level 2. HP: 15/28 MP: 2/2
   261 | D:1      | Reached XP level 3. HP: 24/34 MP: 3/3
   442 | D:1      | Reached ** piety under Trog
   793 | D:3      | Reached XP level 4. HP: 41/42 MP: 4/4
   837 | D:3      | Reached skill level 4 in Maces & Flails
  1155 | D:2      | Noticed Jessica
  1176 | D:2      | Killed Jessica
  1540 | D:3      | Reached XP level 5. HP: 36/50 MP: 5/5
  2129 | D:4      | Noticed a sky beast
  2141 | D:4      | Noticed Ijyb
  2191 | D:4      | Killed a sky beast
  2191 | D:4      | Reached skill level 5 in Maces & Flails
  2191 | D:4      | Reached XP level 6. HP: 25/57 MP: 6/6
  2191 | D:4      | Splashed by Ijyb's acid

Levels and vault maps discovered:
D:1:      sevenhm_arrival_forest_fort_small_6, layout_rooms
D:2:      layout_basic, serial_glass, glass_columns_b, glass_columns_a,
          uniq_jessica
D:3:      layout_loops_ring, minmay_parallelograms
D:4:      layout_basic, first_ration, tgw_kikubaaqudgha, uniq_ijyb

Skill      XL: |  1  2  3  4  5 |
---------------+----------------+-----
Fighting       | 3 |  3.9
Maces & Flails | 4 5 |  5.1
Armour         | 3 |  3.5
Dodging        | 3 |  3.1
Stealth        | |  0.6

Action                   |  1- 3 |  4- 6 || total
-------------------------+-------+-------++-------
Melee: Mace              |   127 |   203 ||   330
Invok: Trog's Hand       |     2 |     5 ||     7
 Abil: Heal Wounds       |     1 |       ||     1
  Use: Scroll            |       |     3 ||     3
 Stab: Sleeping          |     1 |     1 ||     2
  Eat: Chunk             |       |     6 ||     6
Armor: Animal skin       |     9 |       ||     9
       Ring mail         |    19 |    74 ||    93
Dodge: Dodged            |    71 |   158 ||   229

Table legend:
 A = Non-vault XP
 B = Vault XP
 C = Vault XP percentage of total XP
 D = Non-vault monster count
 E = Vault monster count
 F = Vault count percentage of total count
                 A         B        C        D         E       F
            +---------+---------+-------+---------+---------+-------
      Total |     390 |      37 |   8.7 |      83 |       1 |   1.2
            +---------+---------+-------+---------+---------+-------
        D:1 |      52 |       0 |   0.0 |      28 |       0 |   0.0
        D:2 |      57 |      37 |  39.4 |      25 |       1 |   3.8
        D:3 |      97 |       0 |   0.0 |      24 |       0 |   0.0
        D:4 |     184 |       0 |   0.0 |       6 |       0 |   0.0
            +---------+---------+-------+---------+---------+-------
